[Event "Berliner Meisterschaft 2023"]
[Site "Berlin"]
[Date "2023.04.13"]
[Round "6.3"]
[White "Lagunow, Raphael"]
[Black "Bruedigam, Martin"]
[Result "1/2-1/2"]
[TimeControl "90 minutes / 40 moves + 30 minutes + 30 seconds"]
[WhiteTitle "IM"]
[BlackTitle "IM"]
[WhiteFideId "246552644"]
[BlackFideId "24608033"]
[WhiteElo "2410"]
[BlackElo "2378"]

1. Nf3 Nf6 2. c4 e6 3. g3 d5 4. Bg2 Be7 5. O-O O-O 6. d4 c6 7. Nc3 Nbd7 8. Qd3 b6 9. e4 Ba6 10.
b3 Rc8 11. Rd1 c5 12. e5 dxc4 13. bxc4 Nd5 14. Nb5 Bxb5 15. cxb5 c4 16. Qc2 a6 17. a4 Nb4 18. Qe2 Nd5 19.
Bd2 axb5 20. axb5 c3 21. Be3 Qc7 22. Ne1 Rfd8 23. Bxd5 exd5 24. Nc2 f6 25. e6 Nf8 26. Bf4 Qb7 27. Ra6 g5 28. Rda1 Ra8 29. Bc1 Rxa6 30. Rxa6 Rd6 31.
Ba3 Rxe6 32. Qd3 Ng6 33. Qxc3 Qd7 34. Ra8+ Kf7 35. Qd3 Qb7 36. Ra6 Bd8 37. Ne3 Qd7 38. Bb4 Re4 39. f3 Re8 40. Nf5 Kg8 41. Kg2 Nh8 42. Nh6+ Kg7 43. Nf5+ Kg8 44. h4 gxh4 45.
Nxh4 Nf7 46. Nf5 Kh8 47. Ra1 Ng5 48. Bd2 Ne6 49. Rh1 Rg8 50. Kf2 Bc7 51. Rh6 Bd8 52. Nh4 Rg7 53. Nf5 Rg8 54.
Nh4 Rg7 55. Rh5 Bc7 56. f4 Bd8 57. Nf5 Rg8 58. Nd6 Bc7 59. Nf5 Bd8 60. Nd6 Bc7 61. Nf5 1/2-1/2

[Event "Berliner Meisterschaft 2023"]
[Site "Berlin"]
[Date "2023.04.13"]
[Round "6.4"]
[White "Hesse, Henrik"]
[Black "Richter, Michael"]
[Result "1-0"]
[TimeControl "90 minutes / 40 moves + 30 minutes + 30 seconds"]
[BlackTitle "GM"]
[WhiteFideId "12956465"]
[BlackFideId "4618920"]
[WhiteElo "2197"]
[BlackElo "2465"]

1. c4 e5 2. g3 c6 3. d4 e4 4. d5 Bc5 5. Nc3 f5 6. Na4 Bb4+ 7. Bd2 Qe7 8. a3 Bd6 9. Nh3 Nf6 10.
Bg2 cxd5 11. cxd5 Nxd5 12. O-O Nc6 13. f3 e3 14. Bc1 Nb6 15. f4 Kd8 16. b4 Re8 17. Nxb6 axb6 18. Bb2 Bc7 19.
Qd3 d6 20. Rac1 Bd7 21. Rc2 Rc8 22. b5 Na5 23. Bd4 Be6 24. Rc3 h6 25. Rfc1 Qf7 26. Bxb6 Nc4 27. Rxc4 Bxc4 28. Rxc4 Bxb6 29.
Qxd6+ Qd7 30. Qxb6+ Ke7 31. Rxc8 Rxc8 32. Qxe3+ Kf8 33. Nf2 Qxb5 34. Nd3 Rc3 35. Qe6 Rb3 36. Bd5 Qb6+ 37. Qxb6 Rxb6 38. a4 Rb1+ 39. Kf2 Ke7 40.
Bc4 g5 41. Bb5 g4 42. Nc5 b6 43. Nd3 Kd6 44. Ne5 Rh1 45. Kg2 Rb1 46. Nf7+ Ke6 47. Nxh6 Rb4 48. h3 1-0

[Event "Berliner Meisterschaft 2023"]
[Site "Berlin"]
[Date "2023.04.13"]
[Round "6.5"]
[White "Poltorak, Sebastian"]
[Black "Noetzel, Felix"]
[Result "1-0"]
[TimeControl "90 minutes / 40 moves + 30 minutes + 30 seconds"]
[WhiteTitle "FM"]
[WhiteFideId "1199498"]
[BlackFideId "24637416"]
[WhiteElo "2368"]
[BlackElo "2136"]

1. d4 d5 2. c4 c6 3. Nc3 Nf6 4. Nf3 e6 5. Bg5 h6 6. Bxf6 Qxf6 7. Qc2 Nd7 8. a3 dxc4 9. e4 b5 10.
d5 Bb7 11. Be2 a6 12. dxe6 fxe6 13. e5 Qf5 14. Qxf5 exf5 15. e6 Nf6 16. Nh4 Bc5 17. Ng6 Rg8 18. Rd1 Nd5 19. Bh5 O-O-O 20. Nxd5 cxd5 21. Ne5 d4 22. O-O Bd5 23. Bf7 Rge8 24. Rfe1 Bxe6 25. Bxe8 Rxe8 26. Nc6 d3 27. Nb4 Kb7 28.
Nxd3 cxd3 29. Rxd3 Kc6 30. Rc3 Kb6 31. b4 Bd4 32. Rd3 Bb2 33. Rd6+ Kb7 34. Rdxe6 Rxe6 35. Rxe6 Bxa3 36. Re7+ Kb6 37.
Rxg7 Bxb4 38. Rg6+ Kb7 39. Kf1 a5 40. Ke2 a4 41. Kd3 Be1 42. f3 b4 43. Re6 Bf2 44. Kc4 b3 45. Kc3 Bb6 46.
Re2 Bc5 47. g4 fxg4 48. fxg4 Kc6 49. Re4 Kb5 50. Re5 Kb6 51. Re8 Bd6 52. h4 Kb5 53. g5 hxg5 54. hxg5 Bb4+ 55. Kb2 Bc5 56.
Re5 Kc4 57. Rxc5+ 1-0

[Event "Berliner Meisterschaft 2023"]
[Site "Berlin"]
[Date "2023.04.13"]
[Round "6.6"]
[White "Haug, Havard"]
[Black "Glantz, Robert"]
[Result "1/2-1/2"]
[TimeControl "90 minutes / 40 moves + 30 minutes + 30 seconds"]
[BlackTitle "FM"]
[WhiteFideId "1547887"]
[BlackFideId "24629596"]
[WhiteElo "2090"]
[BlackElo "2360"]

1. e4 c5 2. c3 Nf6 3. e5 Nd5 4. Nf3 e6 5. d4 cxd4 6. cxd4 d6 7. Bc4 Be7 8. Qe2 O-O 9. O-O dxe5 10.
dxe5 Bd7 11. Rd1 Bc6 12. Bxd5 Bxd5 13. Nc3 Bxf3 14. Qxf3 Qb6 15. Ne4 Nc6 16. Nf6+ Bxf6 17. exf6 Rfd8 18. Bh6 g6 19. b3 Nd4 20. Qe4 Nf5 21. Be3 Rxd1+ 22. Rxd1 Rd8 23.
Rc1 Qd6 24. h3 b6 25. Qc6 Qe5 26. Qc3 Qd5 27. Rc2 e5 28. Rd2 Nd4 29. f4 Qe4 30. fxe5 Ne6 31. Rxd8+ Nxd8 32. b4 Nc6 33. b5 Qb1+ 34. Kh2 Qxb5 35. Bf4 Qd5 36. Qa3 a5 37. Qe3 Qc5 38.
Qe4 Qd4 39. Qxc6 Qxf4+ 40. Kh1 Qf1+ 41. Kh2 Qf4+ 42. g3 Qd2+ 43. Qg2 Qd8 44. a4 h5 45. Qe4 Qd2+ 46. Kg1 Qb4 47. Qa8+ Kh7 48.
Qe8 Qe1+ 49. Kg2 Qe2+ 50. Kg1 Qe1+ 1/2-1/2

[Event "Berliner Meisterschaft 2023"]
[Site "Berlin"]
[Date "2023.04.13"]
[Round "6.7"]
[White "Schliebener, Stephan"]
[Black "Lagunow, Alexander"]
[Result "0-1"]
[TimeControl "90 minutes / 40 moves + 30 minutes + 30 seconds"]
[BlackTitle "IM"]
[WhiteFideId "4621662"]
[BlackFideId "4616049"]
[WhiteElo "2080"]
[BlackElo "2341"]

1. d4 d5 2. c4 e6 3. Nc3 c5 4. cxd5 cxd4 5. Qa4+ Bd7 6. Qxd4 exd5 7. Nf3 Be6 8. Be3 Nc6 9. Qa4 Nge7 10.
Nd4 g6 11. Nxe6 fxe6 12. Bd4 Rg8 13. e3 Kf7 14. Bc5 Bg7 15. Be2 Qa5 16. Qxa5 Nxa5 17. Rc1 a6 18. b3 Rac8 19. Bb4 Nac6 20.
Ba3 b5 21. Bb2 Nb4 22. a4 bxa4 23. bxa4 Rc6 24. Kd2 Rgc8 25. Bd3 d4 26. Nd1 Rxc1 0-1

[Event "Berliner Meisterschaft 2023"]
[Site "Berlin"]
[Date "2023.04.13"]
[Round "6.8"]
[White "Piz, Dr. Maxim"]
[Black "Georg, Tscheuschner"]
[Result "1-0"]
[TimeControl "90 minutes / 40 moves + 30 minutes + 30 seconds"]
[WhiteFideId "24602981"]
[BlackFideId "12935549"]
[WhiteElo "2158"]
[BlackElo "2185"]

1. Nf3 c5 2. c4 Nc6 3. g3 g6 4. Bg2 Bg7 5. O-O e6 6. Nc3 Nge7 7. b3 O-O 8. Bb2 d5 9. cxd5 exd5 10.
Na4 Bxb2 11. Nxb2 Nf5 12. Rc1 b6 13. Nd3 Bb7 14. Nde5 Nxe5 15. Nxe5 Re8 16. f4 Qe7 17. e3 Rad8 18.
Re1 f6 19. Nf3 d4 20. e4 Bxe4 21. Nh4 Qb7 22. Rxe4 Rxe4 23. Nxf5 gxf5 24. d3 Qe7 25. dxe4 fxe4 26. Qg4+ Kh8 27.
Qf5 Re8 28. Re1 d3 29. Rxe4 d2 30. Qd5 Rd8 31. Qxd2 Rxd2 32.
Rxe7 Rxa2 33. Bd5 a6 34. Rf7 Rd2 35. Be6 Rd6 36. f5 b5 37. Rxf6 Rc6 38. g4 c4 39. bxc4 bxc4 40. g5 1-0

[Event "Berliner Meisterschaft 2023"]
[Site "Berlin"]
[Date "2023.04.14"]
[Round "7.1"]
[White "Schmidek, Emil"]
[Black "Baskin, Robert"]
[Result "0-1"]
[TimeControl "90 minutes / 40 moves + 30 minutes + 30 seconds"]
[WhiteTitle "IM"]
[BlackTitle "IM"]
[WhiteFideId "12908150"]
[BlackFideId "24662402"]
[WhiteElo "2433"]
[BlackElo "2442"]

1. d4 Nf6 2. c4 e6 3. Nc3 Bb4 4. Bd2 c5 5. dxc5 O-O 6. Nf3 Bxc5 7. g3 d5 8. Bg2 Nc6 9. O-O d4 10.
Na4 Be7 11. e3 dxe3 12. Bxe3 e5 13. Qxd8 Rxd8 14. b3 h6 15. Rfd1 Rxd1+ 16. Rxd1 e4 17. Nd4 Nxd4 18. Bxd4 Bg4 19.
Re1 Bb4 20. Bc3 a5 21. Re3 Rd8 22. h3 Rd1+ 23. Kh2 Bxc3 24.
Nxc3 Rd2 25. hxg4 Nxg4+ 26. Kh3 Nxe3 27. Nxe4 Rxa2 28. fxe3 Rb2 29. Nc5 b6 30. Na4 Rxb3 31. Bc6 Kf8 32.
e4 Ke7 33. Bb5 Kd6 34. Nxb6 Re3 35. Na4 Rxe4 36. Kg2 f5 37. Kf3 g5 38. c5+ Kd5 39. Bd7 Rb4 40. c6 Kd6 41. Nc5 a4 42.
Bxf5 Kxc6 43. Nd3 Rb3 44. Kg4 Kd5 45. Bg6 Kd4 46. Nc1 Ra3 47. Bf7 Ke3 48. Be6 Kf2 49. Kh5 Rxg3 50. Bd7 Rc3 51.
Na2 Rc4 52. Bb5 Rh4+ 53. Kg6 a3 54. Nc3 Rb4 55. Bd7 g4 0-1

[Event "Berliner Meisterschaft 2023"]
[Site "Berlin"]
[Date "2023.04.14"]
[Round "7.2"]
[White "Glek, Igor"]
[Black "Hesse, Henrik"]
[Result "0-1"]
[TimeControl "90 minutes / 40 moves + 30 minutes + 30 seconds"]
[WhiteTitle "GM"]
[WhiteFideId "4100484"]
[BlackFideId "12956465"]
[WhiteElo "2443"]
[BlackElo "2197"]

1. e4 e5 2. Nf3 Nf6 3. d3 Nc6 4. g3 Bc5 5.
Bg2 d6 6. O-O O-O 7. Nc3 a5 8. h3 h6 9. Nh4 Nd4 10. Kh2 c6 11. Ne2 Re8 12. Nxd4 Bxd4 13. Qf3 d5 14. Nf5 dxe4 15.
dxe4 Bxf5 16. Qxf5 Qc8 17. Qf3 Qe6 18. a4 Red8 19. Rd1 Bb6 20. Bd2 Qc4 21. Bxh6 Qxc2 22. Bg5 Qxf2 23. Bxf6 Qxf3 24.
Bxf3 gxf6 25. Rxd8+ Rxd8 26. Rd1 Bd4 27. b3 b5 28. h4 Rb8 29. Rc1 bxa4 30. bxa4 c5 31. Rc4 Rb3 32. Kg2 Kf8 33.
Bd1 Re3 34. Bf3 Ra3 35. Bg4 Kg7 36. Bd1 Re3 37. Bf3 Kg6 38. g4 Ra3 39. Bd1 Ra1 40. Bf3 Ra2+ 41. Kh3 Be3 42. g5 fxg5 43.
Kg4 gxh4 44. Kxh4 f5 45. exf5+ Kxf5 46. Be4+ Ke6 47. Kg3 Bd4 48. Bh7 Kd5 49. Bg8+ Ke4 50. Rxd4+ exd4 51. Bxa2 Ke3 52.
Kg2 d3 53. Kf1 d2 54. Bb3 c4 55. Bd1 Kd3 56. Bh5 Kc2 0-1

[Event "Berliner Meisterschaft 2023"]
[Site "Berlin"]
[Date "2023.04.14"]
[Round "7.3"]
[White "Lagunow, Alexander"]
[Black "Lagunow, Raphael"]
[Result "1/2-1/2"]
[TimeControl "90 minutes / 40 moves + 30 minutes + 30 seconds"]
[WhiteTitle "IM"]
[BlackTitle "IM"]
[WhiteFideId "4616049"]
[BlackFideId "246552644"]
[WhiteElo "2341"]
[BlackElo "2410"]

1. Nf3 Nf6 2. c4 e6 3. g3 b6 4. Bg2 Bb7 5. O-O Be7 6. d4 O-O 7. Nc3 Ne4 8. Bd2 Bf6 9. Rc1 c5 10.
d5 exd5 11. cxd5 Nxd2 12. Nxd2 d6 13. Nde4 Be5 14. Qd2 Ba6 15. Rfe1 g6 16. Qh6 Bg7 17. Qf4 Be5 18. Qh6 Bg7 19.
Qf4 Be5 20. Qh6 Bg7 1/2-1/2

[Event "Berliner Meisterschaft 2023"]
[Site "Berlin"]
[Date "2023.04.14"]
[Round "7.4"]
[White "Bruedigam, Martin"]
[Black "Poltorak, Sebastian"]
[Result "1-0"]
[TimeControl "90 minutes / 40 moves + 30 minutes + 30 seconds"]
[WhiteTitle "IM"]
[BlackTitle "FM"]
[WhiteFideId "24608033"]
[BlackFideId "1199498"]
[WhiteElo "2378"]
[BlackElo "2368"]

1. d4 Nf6 2. Nf3 e6 3. c4 Bb4+ 4. Bd2 Qe7 5. Nc3 c5 6. e3 cxd4 7. exd4 Nc6 8. Bd3 d5 9. O-O dxc4 10.
Bxc4 Bxc3 11. bxc3 Ne4 12. Bc1 O-O 13. Re1 Nf6 14. Bg5 Qc7 15. Bd3 Ne7 16. Ne5 Ng6 17. Re3 Nd7 18. Qh5 Ndxe5 19. dxe5 h6 20. Bxh6 gxh6 21. Rg3 Qxc3 22. Rxg6+ fxg6 23. Qxg6+ Kh8 24. Qh7# 1-0

[Event "Berliner Meisterschaft 2023"]
[Site "Berlin"]
[Date "2023.04.14"]
[Round "7.5"]
[White "Glantz, Robert"]
[Black "Strache, Micheal"]
[Result "1-0"]
[TimeControl "90 minutes / 40 moves + 30 minutes + 30 seconds"]
[WhiteTitle "FM"]
[WhiteFideId "24629596"]
[BlackFideId "4693183"]
[WhiteElo "2360"]
[BlackElo "2287"]

1. e4 e5 2. Nf3 Nc6 3. Bc4 Nf6 4. d3 h6 5. O-O d6 6. Re1 g6 7. d4 Bg4 8. Bb5 Nd7 9. c3 Bg7 10.
Bxc6 bxc6 11. Be3 Rb8 12. Nbd2 O-O 13. h3 exd4 14. cxd4 Be6 15. Nb3 d5 16. e5 Kh7 17. Qd2 Nb6 18.
Qc3 Nc4 19. Bc1 Nb6 20. Na5 Qe8 21. Qxc6 Nc4 22. Qxe8 Rfxe8 23. Nb3 a5 24. Re2 Bf8 25. Nc5 Bxc5 26. dxc5 a4 27. Nd4 Bf5 28.
b3 Nxe5 29. Bf4 f6 30. Rae1 axb3 31. Nxb3 Be4 32. Bxe5 Rxe5 33. f3 Bc2 34. Rxe5 fxe5 35. Rxe5 Bb1 36. Rxd5 Bxa2 37. Rd7+ Kg8 38.
Nd4 Rb1+ 39. Kh2 Rd1 40. c6 Bf7 41. Nf5 1-0

[Event "Berliner Meisterschaft 2023"]
[Site "Berlin"]
[Date "2023.04.14"]
[Round "7.6"]
[White "von Herman, Ulf"]
[Black "Piz, Dr. Maxim"]
[Result "1-0"]
[TimeControl "90 minutes / 40 moves + 30 minutes + 30 seconds"]
[WhiteTitle "IM"]
[WhiteFideId "4608500"]
[BlackFideId "24602981"]
[WhiteElo "2332"]
[BlackElo "2158"]

1. c4 e5 2. Nc3 Nf6 3. Nf3 Nc6 4. g3 d5 5. cxd5 Nxd5 6. Bg2 Nb6 7. O-O Be7 8. a3 a5 9. d3 Be6 10.
Be3 Nd5 11. Nxd5 Bxd5 12. Rc1 O-O 13. Nd2 Bxg2 14. Kxg2 Kh8 15. Qb3 Rb8 16. Qb5 f5 17. Nf3 Bf6 18. Rc4 Re8 19. Rfc1 Qd6 20.
R1c2 Qe6 21. Kg1 h6 22. d4 exd4 23. Bxd4 Red8 24. Bxf6 Qxf6 25. e3 Qf7 26. Kg2 Rd5 27. Rc5 Ne7 28.
Qxa5 Rxc5 29. Rxc5 Nc6 30. Qb5 Na7 31. Rxf5 Nxb5 32. Rxf7 Rc8 33. Rd7 Nd6 34. a4 Nc4 35. b3 Na5 36.
Nd2 c5 37. f4 Rc6 38. Kf3 Kg8 39. Rd5 b6 40. Rd3 Re6 41. Nc4 Nc6 42. Rd7 Rf6 43. Rb7 Kh7 44. Ke2 Re6 45. Rxb6 Nd4+ 46.
Kd3 Rxb6 47. Nxb6 Nxb3 48. Nc4 Nc1+ 49. Ke4 Na2 50. Kd5 Nc3+ 51. Kxc5 Nxa4+ 52. Kb4 1-0

[Event "Berliner Meisterschaft 2023"]
[Site "Berlin"]
[Date "2023.04.14"]
[Round "7.7"]
[White "Richter, Michael"]
[Black "Haug, Havard"]
[Result "1/2-1/2"]
[TimeControl "90 minutes / 40 moves + 30 minutes + 30 seconds"]
[WhiteTitle "GM"]
[WhiteFideId "4618920"]
[BlackFideId "1547887"]
[WhiteElo "2465"]
[BlackElo "2090"]

1. Nf3 d5 2. c4 e6 3. g3 c5 4. Bg2 Nf6 5. O-O Nc6 6. cxd5 exd5 7. d4 Be7 8. dxc5 Bxc5 9. Nbd2 O-O 10.
Nb3 Bb6 11. Nbd4 Bg4 12. Nxc6 bxc6 13. Ne5 Qc8 14. Nxg4 Qxg4 15. e3 Qf5 16. b3 Rad8 17. Bb2 Rfe8 18. Qf3 Qe6 19. Bxf6 Qxf6 20.
Qxf6 gxf6 21. Rfd1 d4 22. Bxc6 Re6 23. Bb5 dxe3 24. Rxd8+ Bxd8 25. fxe3 Rxe3 26. Rd1 Bb6 27. Kg2 Kf8 28.
Bc4 Ke7 29. Rd2 Bc7 30. Rd4 Kf8 31. Kh3 Bb6 32. Rh4 Kg7 33. Rg4+ Kf8 34. Rf4 Kg7 35. b4 Re5 36. a4 Be3 37.
Rg4+ Rg5 38. b5 Rxg4 39. Kxg4 Kf8 40. a5 Bg1 41. h3 h6 42. Kf5 Ke7 43. g4 Bf2 44. Ke4 Kd6 45. Bxf7 Be1 46.
b6 a6 47. Bc4 Bxa5 48. b7 Kc7 49. Bxa6 Bd2 50. Kf5 Bg5 51. Kg6 Kb8 52. Kh5 Bd2 1/2-1/2

[Event "Berliner Meisterschaft 2023"]
[Site "Berlin"]
[Date "2023.04.14"]
[Round "7.8"]
[White "Eilenberg, Jonas"]
[Black "Meyer-Dunker, Paul"]
[Result "1-0"]
[TimeControl "90 minutes / 40 moves + 30 minutes + 30 seconds"]
[WhiteFideId "16204271"]
[BlackFideId "24657280"]
[WhiteElo "2227"]
[BlackElo "2113"]

1. c4 Nf6 2. d4 e6 3. Nc3 d5 4. cxd5 exd5 5. Bg5 c6 6. e3 Bf5 7. Qf3 Bg6 8. Bxf6 Qxf6 9. Qxf6 gxf6 10.
Nf3 Nd7 11. Nh4 Be7 12. Ne2 Nb6 13. Ng3 Nc8 14. f4 Be4 15. Nxe4 dxe4 16. Nf5 Nd6 17. Nxd6+ Bxd6 18. g3 Bb4+ 19.
Ke2 O-O-O 20. a3 Ba5 21. b4 Bb6 22. Bh3+ Kc7 23. Bf5 Rde8 24. g4 h5 25. g5 fxg5 26. fxg5 h4 27. Rhg1 Kb8 28.
Rg4 Rhg8 29. Rag1 Bd8 30. Bxe4 Rxg5 31. Rxg5 Bxg5 32. Rxg5 Rxe4 33. Kf3 Re6 34. Rf5 Re7 35. Rh5 Kc7 36.
Rxh4 Kb6 37. Rh5 Re6 38. h4 Rf6+ 39. Ke2 Rg6 40. Rg5 Re6 41. Rf5 Re4 42. Rf4 Re7 43. h5 a5 44. h6 f6 45.
bxa5+ Kxa5 46. Rh4 Rh7 47. Kf3 Ka4 48. Kf4 Kxa3 49.
Kf5 Kb3 50. Kg6 Rh8 51. Kg7 Rd8 52. h7 Kc4 53. h8=Q Rxh8 54. Rxh8 Kd3 55. Kxf6 Kxe3 56. Ke5 1-0

[Event "Berliner Meisterschaft 2023"]
[Site "Berlin"]
[Date "2023.04.15"]
[Round "8.1"]
[White "Baskin, Robert"]
[Black "Hesse, Henrik"]
[Result "1-0"]
[TimeControl "90 minutes / 40 moves + 30 minutes + 30 seconds"]
[WhiteTitle "IM"]
[WhiteFideId "24662402"]
[BlackFideId "12956465"]
[WhiteElo "2442"]
[BlackElo "2197"]

1. e4 e5 2. Nf3 Nf6 3. Nxe5 d6 4. Nf3 Nxe4 5. d4 d5 6. Bd3 Nc6 7. O-O Be7 8. Nbd2 Nxd2 9. Bxd2 Bg4 10.
c3 O-O 11. h3 Bh5 12. g3 Qd7 13. Kg2 Bg6 14. Bf4 Bd6 15. Bxg6 fxg6 16. Bxd6 Qxd6 17. Qd3 Rf6 18. Rae1 Raf8 19.
Ne5 g5 20. Qb5 Rb8 21. Nd3 Ne7 22. Re5 Rf5 23. Rfe1 Rxe5 24. Rxe5 h6 25. Nc5 b6 26. Re6 Qd8 27. Nd7 a6 28. Qe2 Qxd7 29. Rxe7 Qd6 30.
Qe5 Qxe5 31. dxe5 c5 32. Rd7 d4 33. cxd4 cxd4 34. Rxd4 Re8 35. f4 gxf4 36. gxf4 g5 37. Kf3 gxf4 38.
Kxf4 Rf8+ 39. Ke3 Rf5 40. Rg4+ Kh7 41. e6 Rf1 42. Kd4 Rd1+ 43. Ke5 h5 44. Rd4 Re1+ 45. Re4 Rxe4+ 46. Kxe4 Kg6 47.
Ke5 Kg7 48. Kd6 Kf8 49. Kd7 1-0

[Event "Berliner Meisterschaft 2023"]
[Site "Berlin"]
[Date "2023.04.15"]
[Round "8.2"]
[White "Glek, Igor"]
[Black "Bruedigam, Martin"]
[Result "1/2-1/2"]
[TimeControl "90 minutes / 40 moves + 30 minutes + 30 seconds"]
[WhiteTitle "GM"]
[BlackTitle "IM"]
[WhiteFideId "4100484"]
[BlackFideId "24608033"]
[WhiteElo "2443"]
[BlackElo "2378"]

1. e4 c5 2. Nf3 d6 3. d4 cxd4 4. Qxd4 Nc6 5. Bb5 Bd7 6. Qd3 Nf6 7. O-O g6 8. c4 Bg7 9. Nc3 O-O 10.
Rd1 a6 11. Bxc6 Bxc6 12. Nd4 Rc8 13. c5 Bxe4 14. Qe2 Bc6 15. cxd6 exd6 16. Bg5 Re8 17. Qd2 Qd7 18. f3 b5 19.
Bh6 Bb7 20. a3 Bh8 21. Nce2 Qc7 22. Ng3 Qb6 23. Qf2 Rc4 24. Nge2 Qc7 25. Rd2 Bg7 26. Bxg7 Kxg7 27. h4 Qe7 28.
Ng3 Bc8 29. Re2 Qc7 30. Rxe8 Nxe8 31. Qd2 Qc5 32. Rd1 Qe5 33. Nf1 Nf6 34. b3 Rc7 35. Re1 Qc5 36. Ne3 Qc3 37. Rd1 Qxd2 38.
Rxd2 h5 39. Kf2 Kf8 40. Rc2 Rxc2+ 41. Ndxc2 Ke7 42. Ke2 Be6 43. Nb4 Bxb3 44. Nxa6 Nd5 45. Nxd5+ Bxd5 46. Ke3 Bc4 47. Nb4 Ke6 48. Kd4 Bf1 49.
Nd5 Bc4 50. Ne3 Be2 51. f4 Bg4 52. Nd5 Kd7 53. Nc3 Kc6 54.
Nd5 Be6 55. Nc3 Bb3 56. g3 Be6 57. Ne4 Bb3 58. Nc3 Bc2 59. Nd5 Bd1 60. Ne7+ Kd7 61. Nd5 Bf3 62. Nc3 Bc6 63. Nd1 Kc7 64.
Nc3 Kb6 65. Na2 Ka5 66. Nc3 Bb7 67. Ke3 Ba8 68. Kd4 Bc6 69. Ke3 1/2-1/2

[Event "Berliner Meisterschaft 2023"]
[Site "Berlin"]
[Date "2023.04.15"]
[Round "8.3"]
[White "Glantz, Robert"]
[Black "Schmidek, Emil"]
[Result "1/2-1/2"]
[TimeControl "90 minutes / 40 moves + 30 minutes + 30 seconds"]
[WhiteTitle "FM"]
[BlackTitle "IM"]
[WhiteFideId "24629596"]
[BlackFideId "12908150"]
[WhiteElo "2360"]
[BlackElo "2433"]

1. e4 c6 2. Nc3 d5 3. Nf3 Bg4 4. h3 Bxf3 5. Qxf3 e6 6. Be2 Bc5 7. O-O Ne7 8. Na4 Bd6 9. d4 dxe4 10.
Qxe4 Nd7 11. Rd1 Nf6 12. Qf3 Qa5 13. Nc3 Qf5 14. Qxf5 Nxf5 15. Bg5 Be7 16. Bxf6 Bxf6 17. Ne4 Be7 18.
Rd3 O-O 19. Rad1 Rfd8 20. g3 b6 1/2-1/2

[Event "Berliner Meisterschaft 2023"]
[Site "Berlin"]
[Date "2023.04.15"]
[Round "8.4"]
[White "Lagunow, Raphael"]
[Black "von Herman, Ulf"]
[Result "1/2-1/2"]
[TimeControl "90 minutes / 40 moves + 30 minutes + 30 seconds"]
[WhiteTitle "IM"]
[BlackTitle "IM"]
[WhiteFideId "246552644"]
[BlackFideId "4608500"]
[WhiteElo "2410"]
[BlackElo "2332"]

1. e4 c6 2. Nc3 d5 3. Nf3 g6 4. d4 Bg7 5. h3 dxe4 6. Nxe4 Nf6 7. Nc5 O-O 8. Bc4 Nbd7 9. Nxd7 Nxd7 10.
O-O c5 11. c3 cxd4 12. Nxd4 Qc7 13. Qe2 a6 14. a4 Nc5 15. a5 e5 16. Nf3 Be6 17. Bxe6 Nxe6 18. Re1 Nc5 19. Qc4 Rac8 20.
Be3 Rfe8 21. Rad1 e4 22.
Ng5 Nd3 23. Qxc7 Rxc7 24. Bb6 Rce7 25.
Rxe4 Rxe4 26. Nxe4 Nxb2 27. Rd7 Nc4 28. f3 f5 29. Nc5 Bxc3 30. Nxb7 Re1+ 31. Kf2 Ra1 32. Rd8+ Kf7 33. Rd7+ Kg8 34.
Rd8+ Kf7 35. Rd7+ Kg8 36. Rd8+ 1/2-1/2

[Event "Berliner Meisterschaft 2023"]
[Site "Berlin"]
[Date "2023.04.15"]
[Round "8.5"]
[White "Poltorak, Sebastian"]
[Black "Lagunow, Alexander"]
[Result "1/2-1/2"]
[TimeControl "90 minutes / 40 moves + 30 minutes + 30 seconds"]
[WhiteTitle "FM"]
[BlackTitle "IM"]
[WhiteFideId "1199498"]
[BlackFideId "4616049"]
[WhiteElo "2368"]
[BlackElo "2341"]

1. e4 c5 2. Nc3 Nc6 3. Bb5 Nd4 4. Nf3 a6 5. Bd3 g6 6. Nxd4 cxd4 7. Ne2 d5 8. e5 Bg7 9. f4 f6 10.
exf6 Nxf6 11. O-O O-O 12. b3 Ne4 13. Ba3 Rf7 14. Ng3 Qa5 15. Qc1 Bf5 16. Re1 Qb6 17. Qd1 Rc8 18. Nxf5 gxf5 19.
Bb2 Qd6 20. Rf1 e5 21. Be2 exf4 22. d3 Ng5 23. Bh5 Rfc7 24. Rf2 Rc6 25. Rc1 Be5 26. h4 Ne6 27. Qe2 Bf6 28. g3 fxg3 29.
Rxf5 Ng7 30. Qg4 Rxc2 31. Rff1 Rxc1 32. Bxc1 Rf8 33. Bf4 Be5 34. Bxe5 Qxe5 35. Rxf8+ Kxf8 36. Qc8+ Ke7 37. Qxb7+ Kd8 38.
Qb6+ Ke7 39. Qb7+ Kd8 40. Qb6+ Ke7 1/2-1/2

[Event "Berliner Meisterschaft 2023"]
[Site "Berlin"]
[Date "2023.04.15"]
[Round "8.6"]
[White "Strache, Micheal"]
[Black "Georg, Tscheuschner"]
[Result "0-1"]
[TimeControl "90 minutes / 40 moves + 30 minutes + 30 seconds"]
[WhiteFideId "4693183"]
[BlackFideId "12935549"]
[WhiteElo "2287"]
[BlackElo "2185"]

1. e4 c5 2. c3 Nf6 3. e5 Nd5 4. Nf3 d6 5. Bc4 Nb6 6. Bb3 c4 7. Bc2 dxe5 8. Nxe5 Qd5 9. Qe2 f6 10.
Nf3 Qe6 11. b3 Qxe2+ 12. Kxe2 e5 13. Na3 Bxa3 14. Bxa3 Nc6 15. Bc5 Nd5 16. Rhe1 Be6 17. Kf1 O-O-O 18. Nd4 Ndb4 19. Nxe6 Nxc2 20.
Nxd8 Rxd8 21. Ke2 Rd5 22. Bf8 Nxe1 23. Kxe1 cxb3 24. axb3 g6 25. Bg7 f5 26. b4 a6 27. Bh6 Kd7 28.
Ke2 Ke6 29. f3 Rd7 30. Be3 Ne7 31. Ra5 Rd5 32. Bc5 Nc6 33. Ra1 Rd7 34. d3 Ne7 35. Be3 Nd5 36. Bd2 Rc7 37. Ra3 Rc6 38.
Rb3 b5 39. Ra3 g5 40. c4 Nf4+ 41. Kf1 Rd6 42. c5 Rc6 43. g3 Nd5 44. Ra1 h5 45. h3 g4 46. hxg4 fxg4 47. fxg4 hxg4 48.
Ke2 Ne7 49. Rh1 Nf5 50. Be1 Kd5 51. Rh8 Rh6 52. Rd8+ Kc6 53. Bf2 Rh2 54. Kf1 Rh1+ 55. Kg2 Rb1 56. Rf8 Ne7 57. Rf6+ Kc7 58. Rf7 Kd7 59. c6+ Ke6 60. Rg7 Nxc6 61. Rxg4 Rxb4 62.
Rg6+ Kd5 63. Rg8 a5 64. Ra8 a4 65. Kf3 Nd4+ 66. Bxd4 Kxd4 67. Rd8+ Kc3 68. g4 a3 0-1

[Event "Berliner Meisterschaft 2023"]
[Site "Berlin"]
[Date "2023.04.15"]
[Round "8.7"]
[White "Haug, Havard"]
[Black "Eilenberg, Jonas"]
[Result "1/2-1/2"]
[TimeControl "90 minutes / 40 moves + 30 minutes + 30 seconds"]
[WhiteFideId "1547887"]
[BlackFideId "16204271"]
[WhiteElo "2090"]
[BlackElo "2227"]

1. e4 e6 2. d3 d5 3. Nd2 Nf6 4. Ngf3 Nc6 5. g3 dxe4 6. dxe4 e5 7. Bg2 Bc5 8. O-O O-O 9. Qe2 Qe7 10.
Nb3 Bb6 11. Be3 Bxe3 12. Qxe3 a5 13. a4 Be6 14. Nbd2 Rad8 15. c3 Rd7 16. h3 Rfd8 17. Rfe1 Rd3 18. Qe2 Qd7 19. Nf1 Bc4 20.
Ne3 Ba6 21. Qc2 Nxe4 22. Ng4 Nf6 23. Ne3 1/2-1/2

[Event "Berliner Meisterschaft 2023"]
[Site "Berlin"]
[Date "2023.04.15"]
[Round "8.8"]
[White "Niehaus, Frank"]
[Black "Richter, Michael"]
[Result "0-1"]
[TimeControl "90 minutes / 40 moves + 30 minutes + 30 seconds"]
[BlackTitle "GM"]
[WhiteFideId "24600490"]
[BlackFideId "4618920"]
[WhiteElo "2142"]
[BlackElo "2465"]

1. e4 e6 2. d4 d5 3. exd5 exd5 4. c4 Nf6 5. Nc3 Be7 6. Nf3 O-O 7. Bd3 Nc6 8. O-O Nb4 9. Be2 dxc4 10.
Bxc4 c6 11. Ne5 Nbd5 12. Re1 Be6 13. Bb3 Re8 14. Bg5 Qb6 15. Nc4 Qc7 16. Ne5 Nxc3 17. bxc3 Nd5 18. Bxe7 Rxe7 19. Rc1 Rae8 20.
Qd2 Nf6 21. h3 h6 22. Nd3 b6 23. Re5 Nd7 24. Re3 Qd6 25. Rce1 Bf5 26. Rxe7 Rxe7 27. Rxe7 Qxe7 28. Ne1 Kf8 29.
Nf3 Qe4 30. Qe3 c5 31. Nd2 Qxe3 32. fxe3 cxd4 33. exd4 Nf6 34. Nf3 Bd7 35. c4 Ne4 36. Kf1 g5 37. Ne5 Be8 38. Ke2 f5 39.
Ke3 Ng3 40. a4 Ke7 41. a5 f4+ 42. Kd3 Kd6 43. axb6 axb6 44. c5+ bxc5 45. Nc4+ Kc7 46. dxc5 Bc6 47. Ne5 Bxg2 48. Be6 Ne4 49.
Bg4 Nf2+ 50. Ke2 Nxg4 51. hxg4 Bd5 52. Kd3 Be6 53. Ke4 Kb7 54. Kd4 Ka6 55. Ke4 Kb5 56. Kd4 Bc8 57. c6 Be6 58.
Ke4 Kc5 59. c7 Kd6 60. Nf7+ Kxc7 61. Nxh6 Kd6 62. Nf5+ Bxf5+ 63. gxf5 Ke7 64. Kf3 Kf7 0-1

[Event "Berliner Meisterschaft 2023"]
[Site "Berlin"]
[Date "2023.04.16"]
[Round "9.1"]
[White "Lagunow, Alexander"]
[Black "Baskin, Robert"]
[Result "1/2-1/2"]
[TimeControl "90 minutes / 40 moves + 30 minutes + 30 seconds"]
[WhiteTitle "IM"]
[BlackTitle "IM"]
[WhiteFideId "4616049"]
[BlackFideId "24662402"]
[WhiteElo "2341"]
[BlackElo "2442"]

1. Nf3 Nf6 2. c4 e6 3. Nc3 d5 4. d4 c5 5. cxd5 Nxd5 6. e4 Nxc3 7. bxc3 cxd4 8. cxd4 Bb4+ 9. Bd2 Bxd2+ 10. Qxd2 O-O 11. Bc4 Nd7 12. O-O b6 13. Rfe1 Bb7 14. Rad1 Rc8 15. Bb3 Re8 16. h3 Nf6 17. Qf4 Nh5 18.
Qg4 Nf6 19. Qf4 Nh5 20. Qg4 Nf6 1/2-1/2